 Dungeon Crawl Stone Soup version 0.30-a0-1085-g990a428a5c (webtiles) character file.

Game seed: 4814306529526777468

137697 holysushi the Spry (level 16, -24/122 HPs)
             Began as a Demonspawn Monk on Apr 17, 2023.
             Was the Champion of Kikubaaqudgha.
             Killed by an exploding jumping spider (32 damage)
             ... ignited by their inner flame
             ... on level 4 of the Spider Nest.
             The game lasted 01:03:25 (35355 turns).

holysushi the Spry (Demonspawn Monk)               Turns: 35355, Time: 01:03:25

Health: -24/122    AC: 12    Str: 12 (13) XL:     16   Next: 69%
Magic:  0/36       EV: 30    Int: 12      God:    Kikubaaqudgha [******]
Gold:   929        SH:  0    Dex: 29 (30) Spells: 15/30 levels left

rFire   . . .      SeeInvis .    a - +9 rapier (heavy)
rCold   . . .      Faith    .    d - orb {light}
rNeg    . . .      Spirit   +    V - +1 leather armour of Snakes and Ladders {+Blink rPois}
rPois   +          Reflect  .    (helmet unavailable)
rElec   .          Rampage  .    N - scarf {repulsion}
rCorr   .                        O - +2 pair of gloves
Will    +....                    W - +2 pair of boots
Stlth   ++                       e - amulet of False Pretenses {Acrobat Dex+2}
HPRegen 0.40/turn                h - ring of magical power
MPRegen 0.50/turn                t - +6 ring of dexterity

@: death channelling, marked, glowing, studying 2 skills, repel missiles
A: horns 3, thin metallic scales 1, demonic guardian 3, magic shield, magic
regeneration, magic link
a: Renounce Religion, Evoke Blink, Unearth Wretches, Torment, Brand Weapon With
Pain, Receive Forbidden Knowledge


You were on level 4 of the Spider Nest.
You worshipped Kikubaaqudgha.
Kikubaaqudgha was exalted by your worship.
You visited 5 branches of the dungeon, and saw 25 of its levels.
You also visited: Gauntlet and Ice Cave.

You collected 2288 gold pieces.
You spent 1359 gold pieces at shops.

Inventory:

Hand Weapons
 a - a +9 heavy rapier (weapon)
 s - the +9 staff of Olgreb {rPois∞}
   (You took it off Arachne on level 2 of the Spider Nest)

   It enhances your poison magic.
   It grants immunity to poison.
   It can be activated via the 'a'bility menu to radiate toxic energy, with
   effectiveness depending on Evocations skill.
Armour
 d - an orb of light (worn)
 D - a scarf of resistance
 N - a scarf of repulsion (worn)
 O - a +2 pair of gloves (worn)
 P - a +2 robe of cold resistance
 V - the +1 leather armour of Snakes and Ladders (worn) {+Blink rPois}
   (You found it on level 8 of the Dungeon)

   rPois:     It protects you from poison.
   +Blink:    It lets you blink.
 W - a +2 pair of boots (worn)
Magical Staves
 b - the staff of air "Kam Qup" {rElec rPois Str+3 Dex+6}
   (You took it off a minotaur in a Gauntlet)

   [staff of air]

   Base accuracy: +5 Base damage: 5 Base attack delay: 1.2 This weapon's minimum
   attack delay (0.6) is reached at skill level 12.
   Str:       It affects your strength (+3).
   Dex:       It affects your dexterity (+6).
   rElec:     It insulates you from electricity.
   rPois:     It protects you from poison.
   It falls into the 'Staves' category.
   It is a one-handed weapon.
Jewellery
 e - the amulet of False Pretenses (around neck) {Acrobat Dex+2}
   (You acquired it on level 7 of the Dungeon)

   [amulet of the acrobat]

   It increases your evasion while moving and waiting.
   Dex:       It affects your dexterity (+2).
 h - a ring of magical power (left hand)
 j - a ring of resist corrosion
 q - the ring of Ollizas {rPois rC+ Int+4}
   (You found it on level 2 of the Spider Nest)

   [ring of protection from cold]

   Int:       It affects your intelligence (+4).
   rC:        It protects you from cold.
   rPois:     It protects you from poison.
 t - a +6 ring of dexterity (right hand)
 w - the ring "Tygiat" {rPois Will+}
   (You found it in a Gauntlet)

   [ring of poison resistance]

   rPois:     It protects you from poison.
   Will:      It increases your willpower.
 F - a ring of protection from fire
 Q - a +6 ring of intelligence
 X - a ring of flight
Wands
 l - a wand of charming (9)
 n - a wand of digging (13)
 o - a wand of polymorph (16)
 r - a wand of flame (25)
 z - a wand of light (3)
 C - a wand of roots (5)
 S - a wand of mindburst (8)
Scrolls
 c - 2 scrolls of blinking
 f - 2 scrolls of teleportation
 g - 5 scrolls of vulnerability
 k - a scroll of silence
 p - 2 scrolls of magic mapping
 u - 5 scrolls of fog
 A - 18 scrolls of identify
 E - a scroll of acquirement
 J - 3 scrolls of enchant weapon
 R - 2 scrolls of immolation
 U - a scroll of fear
Potions
 i - a potion of magic
 m - a potion of berserk rage
 v - 2 potions of haste
 x - 2 potions of resistance
 B - a potion of flight
 G - a potion of heal wounds
 H - a potion of mutation
 I - 2 potions of brilliance
 K - a potion of ambrosia
 L - 6 potions of curing
 M - 5 potions of might
 Y - 2 potions of invisibility
Miscellaneous
 y - a phial of floods
 T - a box of beasts
 Z - a lightning rod (4/4)


   Skills:
 - Level 10.0 Fighting
 - Level 14.0 Short Blades
 - Level 18.0 Dodging
 - Level 6.0 Stealth
 + Level 7.8 Spellcasting
 - Level 14.0 Necromancy
 - Level 5.0 Evocations


You had 15 spell levels left.
You knew the following spells:

 Your Spells              Type           Power      Damage    Failure   Level
a - Necrotise             Necr           100%       1d9       1%          1
b - Vampiric Draining     Necr           38%        2d8       1%          3
c - Borgnjor's Vile Clut  Necr/Erth      10%        N/A       30%         5
d - Death Channel         Necr           19%        N/A       10%         6

Your spell library contained the following spells:

 Spells                   Type           Power      Damage    Failure   Level
 Kiss of Death            Conj/Necr      84%        2d11      1%          1
 Agony                    Necr           38%        N/A       1%          5
 Cigotuvi's Dreadful Rot  Necr/Pois/Air  30%        N/A       4%          2
 Beastly Appendage        Tmut           8%         N/A       19%         1
 Foxfire                  Conj/Fire      16%        2x1d4     19%         1
 Sandblast                Erth           8%         2d5       19%         1
 Ensorcelled Hibernation  Hex/Ice        8%         N/A       28%         2
 Passwall                 Tmut/Erth      3%         N/A       28%         2
 Poisonous Vapours        Pois/Air       8%         N/A       28%         2
 Wereblood                Tmut           4%         N/A       28%         2
 Call Canine Familiar     Summ           4%         N/A       50%         3
 Gell's Gravitas          Tloc           4%         N/A       50%         3
 Ignite Poison            Fire/Tmut/Pois 4%         N/A       50%         3
 Inner Flame              Hex/Fire       4%         N/A       50%         3
 Mephitic Cloud           Conj/Pois/Air  4%         N/A       50%         3
 Portal Projectile        Hex/Tloc       8%         N/A       50%         3
 Spider Form              Tmut/Pois      4%         N/A       50%         3
 Stone Arrow              Conj/Erth      8%         3d7       50%         3
 Teleport Other           Tloc           4%         N/A       50%         3
 Volatile Blastmotes      Fire/Tloc      8%         2d10      50%         3
 Simulacrum               Ice/Necr       10%        N/A       86%         6
 Animate Armour           Summ/Erth      8%         N/A       88%         4
 Cause Fear               Hex            2%         N/A       88%         4
 Flame Wave               Conj/Fire      4%         2d5       88%         4
 Fulminant Prism          Conj/Hex       2%         3d5       88%         4
 Ice Form                 Ice/Tmut       4%         N/A       88%         4
 Iskenderun's Mystic Bla  Conj/Tloc      4%         2d3       88%         4
 Leda's Liquefaction      Hex/Erth       2%         N/A       88%         4
 Olgreb's Toxic Radiance  Pois           4%         N/A       88%         4
 Sticky Flame             Conj/Fire      4%         2d3       88%         4
 Summon Ice Beast         Ice/Summ       4%         N/A       88%         4
 Fireball                 Conj/Fire      2%         3d4       99%         5
 Freezing Cloud           Conj/Ice/Air   2%         6-21      99%         5
 Lee's Rapid Deconstruct  Erth           2%         3d4*      99%         5
 Silence                  Hex/Air        2%         N/A       99%         5
 Dispersal                Tloc           2%         N/A       100%        6
 Dragon Form              Tmut           2%         N/A       100%        7
 Discord                  Hex            2%         N/A       100%        8
 Ignition                 Fire           2%         3d3       100%        8
 Lehudib's Crystal Spear  Conj/Erth      2%         10d2      100%        8
 Chain Lightning          Conj/Air       2%         3d2       100%        9
 Dragon's Call            Summ           2%         N/A       100%        9
 Fire Storm               Conj/Fire      2%         8d1       100%        9
 Shatter                  Erth           2%         3d6*      100%        9


Dungeon Overview and Level Annotations

Branches:
Dungeon (13/15) Zot: 25667  Temple (1/1) D:7 Zot: 5929    Lair (5/5) D:9 Zot: 21746
  Swamp (0/4) Lair:2       Spider (4/4) Lair:3 Zot: 16989   Slime (0/5) Lair:5
    Orc (2/2) D:9 Zot: 9899     Elf (0/3) Orc:2         IceCv (visited)
Gauntlet (visited)
 Vaults: D:13-14

Altars:
Ashenzari
Cheibriados
Dithmenos
Fedhas
Gozag
Hepliaklqana
Kikubaaqudgha
Makhleb
Nemelex Xobeh
Okawaru
Qazlal
Ru
Sif Muna
Trog
Uskayaw
Vehumet
Wu Jian
Xom
Yredelemnul
Jiyva

Shops:
D:1 *   D:2 =   Orc:1 :   Orc:2 !((:

Portals:
Trove: D:11 (give 2 scrolls of acquirement)

Annotations:
D:2 Sigmund
D:6 1 runed translucent door, Biggs's ghost, novice VSMo
D:13 1 exclusion
Lair:3 2 transporters, exclusion: oklob plant, Ifaaq's ghost, journeyman MiFi
Spider:2 1 runed translucent door, Otiptot's ghost, adept MiBe


Innate Abilities, Weirdness & Mutations

You have a pair of large horns on your head.
You are partially covered in thin metallic scales. (AC +2)
A powerful demonic guardian rushes to your aid.
When hurt, damage is shared between your health and your magic reserves.
You regenerate magic rapidly.
When low on magic, you restore magic in place of health.


Message History

Kikubaaqudgha accepts your kill. The fiery explosion engulfs you!!
* * * LOW HITPOINT WARNING * * *
The fiery explosion engulfs the redback!!
Flame seeps out of the redback.
The redback is almost dead.
The fiery explosion engulfs the spectral demonic crawler!!
You destroy the spectral demonic crawler!
The fiery explosion engulfs the jumping spider!!
Flame seeps out of the jumping spider.
The jumping spider is severely wounded.
The wolf spider explodes!
The fiery explosion engulfs your spectral redback!!
Your spectral redback is heavily damaged.
The fiery explosion engulfs the wolf spider!!
The wolf spider's corpse disappears in a puff of smoke!
The fiery explosion engulfs you!!
* * * LOW HITPOINT WARNING * * *
A demonic guardian appears!
The fiery explosion engulfs the spectral orb spider!
The spectral orb spider is severely damaged.
The wolf spider explodes!
The fiery explosion engulfs the spectral orb spider!!
You destroy the spectral orb spider!
The fiery explosion engulfs the steelbarb worm!
The steelbarb worm resists.
Flame seeps out of the steelbarb worm.
The steelbarb worm is moderately wounded.
The jumping spider is engulfed in blazing flames.
Flame seeps out of the jumping spider.
The redback is engulfed in blazing flames.
Kikubaaqudgha accepts your kill.
The redback explodes!
The fiery explosion engulfs you!
* * * LOW HITPOINT WARNING * * *
The fiery explosion engulfs the jumping spider!
Kikubaaqudgha accepts your kill.
The jumping spider explodes!
The fiery explosion engulfs you!!
You die...
Kikubaaqudgha rasps: "You have failed me!
Welcome... death!"

s.. ##ss## #s#ss# #.w§s
##§s## ##w§§.##
###§§§Z..###
##^.§§○ZZ.s.###
#...Z@§°.Z○.s.B.. #..
#..#..Z§§§#.s..#s.#...
.....#2#.#..#...#.#.. .
^##..#.#.#.s#.#..#..##..
.#...#^#....##^#..#...
... #.#....#...#.....#
#.#^#.......#....#..#
..#.##^#.###..#...#
..^.^..#.......#Z..#


You could see a broodmother (inner flame), 2 steelbarb worms, a demonic crawler
(inner flame), a wolf spider (inner flame), a spectral wolf spider, a spectral
redback, 2 orb spiders, 2 jumping spiders, 2 redbacks, a friendly lorocyproca
(summoned, invisible), a friendly spectral wolf spider, a friendly spectral
jumping spider, a friendly spectral redback and a friendly spectral spark wasp
(slow).

Vanquished Creatures
  Arachne (Spider:2)
  Gastronok (Lair:1)
  4 ghost moths
  A very ugly thing (D:13)
  5 broodmothers
  A minotaur (Gauntlet)
  2 spark wasps
  3 entropy weavers
  Fannar (D:11)
  Erolcha (Orc:2)
  3 catoblepae (Lair:5)
  4 hydras
  2 ogre magi (Orc:2)
  3 two-headed ogres
  21 death yaks
  4 centaur warriors (D:13)
  3 radroaches
  A jorogumo (Spider:2)
  7 boulder beetles
  A death scarab (Spider:4)
  Sonja (D:10)
  3 skysharks
  Nergalle (Orc:1)
  A sun moth (Spider:2)
  5 pharaoh ants
  4 orb spiders
  6 steelbarb worms
  2 wizards (Gauntlet)
  2 deep elf pyromancers (D:13)
  2 orc knights
  An oklob plant (Lair:5)
  7 orc sorcerers (Orc:2)
  4 cyclopes
  17 wolf spiders
  2 ugly things
  4 manticores
  5 elephants (Lair:5)
  2 black mambas
  3 ice statues (IceCv)
  11 cane toads
  4 torpor snails
  Maggie (D:7)
  2 gargoyles
  2 unseen horrors
  7 demonic crawlers
  Psyche (D:11)
  A minotaur zombie (Gauntlet)
  An efreet (D:13)
  10 komodo dragons
  6 polar bears
  An anaconda simulacrum (IceCv)
  5 trolls
  6 meliai (Spider:3)
  21 tarantellas
  A hornet (D:10)
  4 blink frogs (Lair:5)
  15 jumping spiders
  2 wraiths (D:12)
  A dire elephant simulacrum (IceCv)
  8 slime creatures
  A shadow (D:11)
  2 vampires
  13 culicivoras
  8 wyverns
  74 yaks
  2 basilisks (D:9)
  5 vampire mosquitoes
  A death yak simulacrum (IceCv)
  48 redbacks
  Menkaure (D:6)
  2 swamp worms (Lair:2)
  3 wargs
  A harpy simulacrum (IceCv)
  2 acid dragons
  16 water moccasins
  Duvessa (D:4)
  3 ice beasts
  2 sky beasts
  12 orc warriors
  8 ogres
  23 wolves
  2 centaurs
  Blork the orc (D:6)
  3 kobold brigands
  7 bullfrogs
  A gnoll sergeant (D:8)
  3 scorpions
  2 cane toad simulacra (IceCv)
  A two-headed ogre simulacrum (Orc:1)
  9 wights
  Dowan (D:4)
  9 killer bees
  An elephant simulacrum (IceCv)
  3 howler monkeys
  2 electric eels (D:6)
  A lava snake (D:9)
  2 hounds (D:5)
  2 jellies
  7 orc priests
  A sleepcap (D:8)
  6 iguanas
  26 orc wizards
  4 hell rats (Lair:5)
  A spriggan simulacrum (Orc:1)
  2 troll simulacra (Orc:1)
  2 wolf simulacra
  4 gnolls
  7 adders
  A naga simulacrum (Orc:1)
  2 shadow imps (Gauntlet)
  5 white imps
  2 worms (D:2)
  2 dart slugs
  52 orcs
  10 endoplasms
  3 giant cockroaches
  5 goblins
  9 hobgoblins
  14 kobolds
  5 quokkas
  4 ball pythons
  5 bats
  A frilled lizard (D:1)
  6 rats
715 creatures vanquished.

Vanquished Creatures (collateral kills)
  A spark wasp (Spider:4)
  A radroach (Spider:3)
  A jorogumo (Spider:4)
  A centaur warrior (D:12)
  A death yak (Lair:5)
  A boulder beetle (D:13)
  An orb spider (Spider:2)
  An oklob plant (Lair:5)
  A wolf spider (Spider:4)
  A cyclops (D:13)
  A freezing wraith (IceCv)
  A komodo dragon (Lair:5)
  3 tarantellas
  4 jumping spiders
  3 yaks (Lair:5)
  5 redbacks (Spider:4)
  An ogre (D:4)
  A hound (D:4)
  An orc priest (Orc:1)
  An orc wizard (Orc:2)
  2 orcs (Orc:1)
33 creatures vanquished.

Vanquished Creatures (others)
  A broodmother (Spider:2)
  An orc warrior (Orc:1)
  3 orc wizards (Orc:2)
  A wolf simulacrum (Orc:1)
  A naga simulacrum (Orc:1)
  3 orcs
  20 fungi
  85 plants
115 creatures vanquished.

Grand Total: 863 creatures vanquished

Notes
Turn   | Place    | Note
-------+----------+-------------------------------------------
     0 | D:1      | holysushi the Demonspawn Monk began the quest for the Orb.
     0 | D:1      | Reached XP level 1. HP: 18/18 MP: 1/1
   178 | D:1      | Gained mutation: You regenerate magic rapidly. [demonic
                  | ancestry]
   178 | D:1      | Reached XP level 2. HP: 22/24 MP: 2/2
   197 | D:1      | Found Peureuge's Assorted Antiques.
   416 | D:1      | Found a faded altar of an unknown god.
   440 | D:1      | Prayed at the altar of an unknown god.
   440 | D:1      | Became a worshipper of Kikubaaqudgha
   440 | D:1      | Reached * piety under Kikubaaqudgha
   440 | D:1      | Received a gift from Kikubaaqudgha
   440 | D:1      | Reached ** piety under Kikubaaqudgha
   448 | D:1      | Learned a level 1 spell: Necrotise
  1091 | D:2      | Reached *** piety under Kikubaaqudgha
  1091 | D:2      | Received a gift from Kikubaaqudgha
  1166 | D:2      | Reached skill level 1 in Necromancy
  1166 | D:2      | Gained mutation: When hurt, damage is shared between your
                  | health and your magic reserves. [demonic ancestry]
  1166 | D:2      | Reached XP level 3. HP: 21/29 MP: 3/3
  1543 | D:2      | Found Qoehergheguu's Jewellery Emporium.
  1651 | D:1      | Bought a scroll labelled ARIDUV WOMOMUREMA for 22 gold
                  | pieces
  1699 | D:2      | Noticed Sigmund
  2273 | D:3      | Gained mutation: You are partially covered in thin metallic
                  | scales. (AC +2) [demonic ancestry]
  2273 | D:3      | Reached XP level 4. HP: 33/35 MP: 4/4
  2352 | D:3      | Found a stormy altar of Qazlal.
  2597 | D:3      | Found the +1 Delatra's gloves {ID++}
  2985 | D:4      | Gained mutation: When low on magic, you restore magic in
                  | place of health. [demonic ancestry]
  2985 | D:4      | Reached XP level 5. HP: 13/41 MP: 5/5
  3206 | D:4      | Learned a level 3 spell: Vampiric Draining
  3383 | D:4      | Noticed an ogre
  3383 | D:4      | Noticed Duvessa
  3383 | D:4      | Noticed Dowan
  3400 | D:4      | Reached skill level 1 in Spellcasting
  3400 | D:4      | Reached XP level 6. HP: 42/47 MP: 7/7
  3402 | D:4      | Reached skill level 5 in Short Blades
  3417 | D:4      | Killed Duvessa
  3421 | D:4      | Killed Dowan
  3422 | D:4      | Gained mutation: You have a pair of small horns on your
                  | head. [demonic ancestry]
  3422 | D:4      | Reached XP level 7. HP: 24/52 MP: 11/11
  4064 | D:5      | Entered Level 5 of the Dungeon
  4179 | D:5      | Reached skill level 3 in Dodging
  4308 | D:5      | Reached **** piety under Kikubaaqudgha
  4350 | D:5      | Gained mutation: You have a pair of horns on your head.
                  | [demonic ancestry]
  4350 | D:5      | Reached XP level 8. HP: 37/58 MP: 13/13
  4511 | D:5      | Found a hide-covered altar of Uskayaw.
  4990 | D:5      | Identified the +1 trident "Vekk" {freeze, rF- Dex+3 SInv}
  5137 | D:5      | Identified the staff of air "Peloz" {rElec Str+4 Int+3
                  | Dex+4 SInv}
  5150 | D:5      | Reached skill level 4 in Dodging
  5270 | D:6      | Noticed Blork the orc
  5281 | D:6      | Killed Blork the orc
  5360 | D:6      | Noticed Menkaure
  5374 | D:6      | Killed Menkaure
  5671 | D:6      | Found a runed translucent door.
  5671 | D:6      | Noticed Biggs's ghost (novice VSMo)
  5690 | D:6      | Reached skill level 5 in Dodging
  6087 | D:6      | Reached skill level 5 in Necromancy
  6452 | D:6      | Gained mutation: You have a pair of large horns on your
                  | head. [demonic ancestry]
  6452 | D:6      | Reached XP level 9. HP: 63/63 MP: 14/14
  6572 | D:6      | Learned a level 5 spell: Borgnjor's Vile Clutch
  6710 | D:7      | Reached skill level 6 in Dodging
  6852 | D:7      | Found a snail-covered altar of Cheibriados.
  7002 | D:7      | Found an opulent altar of Gozag.
  7123 | D:7      | Noticed Maggie
  7142 | D:7      | Killed Maggie
  7177 | D:7      | Found a staircase to the Ecumenical Temple.
  7297 | Temple   | Entered the Ecumenical Temple
  7492 | D:8      | Reached ***** piety under Kikubaaqudgha
  7521 | D:7      | Reached skill level 10 in Short Blades
  7736 | D:7      | Identified a scroll of acquirement
  7736 | D:7      | Acquired the amulet of False Pretenses {Acrobat Dex+2}
  7817 | D:8      | Reached skill level 5 in Fighting
  7817 | D:8      | Gained mutation: A weak demonic guardian rushes to your
                  | aid. [demonic ancestry]
  7817 | D:8      | Reached XP level 10. HP: 38/74 MP: 15/15
  8518 | D:8      | Identified the +1 leather armour of Snakes and Ladders
                  | {+Blink rPois}
  8728 | D:9      | Found a shadowy altar of Dithmenos.
  8738 | D:9      | Found a staircase to the Orcish Mines.
  8774 | D:9      | Reached skill level 1 in Stealth
  8972 | D:9      | Found a sacrificial altar of Ru.
  9291 | D:9      | Noticed a brown ugly thing
  9292 | D:9      | Found a staircase to the Lair.
  9324 | D:9      | Reached skill level 1 in Evocations
  9347 | D:9      | Killed a brown ugly thing
  9563 | D:9      | Reached skill level 5 in Evocations
  9578 | D:9      | Reached skill level 7 in Dodging
 10380 | D:10     | Entered Level 10 of the Dungeon
 10649 | D:10     | Noticed Sonja
 10667 | D:10     | Reached XP level 11. HP: 71/81 MP: 16/16
 10677 | D:10     | Killed Sonja
 10928 | D:10     | Noticed a two-headed ogre
 11058 | D:10     | Killed a two-headed ogre
 11059 | D:10     | Reached skill level 8 in Dodging
 11192 | D:10     | Found a blossoming altar of Fedhas.
 11920 | D:10     | Learned a level 6 spell: Death Channel
 12171 | D:11     | Noticed Fannar
 12377 | Lair:1   | Entered Level 1 of the Lair of Beasts
 12398 | Lair:1   | Noticed Gastronok
 12421 | Lair:1   | Reached skill level 9 in Dodging
 12720 | Lair:1   | Reached ****** piety under Kikubaaqudgha
 13163 | Lair:1   | Killed Gastronok
 13164 | Lair:1   | Reached XP level 12. HP: 58/88 MP: 11/17
 13903 | Lair:2   | Noticed an eight-headed hydra
 13907 | Lair:2   | Noticed an eight-headed hydra
 14179 | Orc:1    | Entered Level 1 of the Orcish Mines
 14239 | Orc:1    | Noticed Nergalle
 14289 | Orc:2    | Entered Level 2 of the Orcish Mines
 14289 | Orc:2    | Found a bloodstained altar of Trog.
 14524 | Orc:1    | Found a frozen archway.
 14529 | Orc:1    | Killed Nergalle
 14559 | Orc:2    | Reached skill level 10 in Dodging
 14812 | IceCv    | Entered an ice cave
 16010 | IceCv    | HP: 4/91 [ice statue] (5)]
 16017 | IceCv    | HP: 2/91 [ice beast[an ice statue] (3)]
 16329 | IceCv    | Got the Notes on the Icicle
 16685 | Orc:1    | Found Miket's Self-Improvement Boutique.
 16695 | Orc:1    | Bought a manual of Short Blades for 960 gold pieces
 16919 | Orc:2    | Found a staircase to the Elven Halls.
 17082 | Orc:2    | Noticed an ogre mage
 17094 | Orc:2    | Killed an ogre mage
 17355 | Orc:2    | Found Wimo's Distillery.
 17371 | Orc:2    | Bought a potion of heal wounds for 65 gold pieces
 17371 | Orc:2    | Bought a potion of resistance for 130 gold pieces
 17375 | Orc:2    | Bought a potion of mutation for 104 gold pieces
 17379 | Orc:2    | Bought a potion of curing for 39 gold pieces
 17379 | Orc:2    | Bought a potion of curing for 39 gold pieces
 17392 | Orc:2    | Found an ancient bone altar of Kikubaaqudgha.
 17413 | Orc:2    | Found Moliw's Antique Weapon Emporium.
 17416 | Orc:2    | Noticed Erolcha
 17420 | Orc:2    | Gained mutation: A demonic guardian rushes to your aid.
                  | [demonic ancestry]
 17420 | Orc:2    | Reached XP level 13. HP: 101/101 MP: 18/18
 17424 | Orc:2    | Killed Erolcha
 17430 | Orc:2    | Found a radiant altar of Vehumet.
 17479 | Orc:2    | Found Giuniwur's Antique Weapon Shoppe.
 17485 | Orc:2    | Paralysed by an ogre mage for 3 turns
 17520 | Orc:2    | Found Jeerysmi's Book Shoppe.
 17941 | D:11     | Killed Fannar
 18042 | D:11     | Found a portal to a secret trove of treasure.
 18201 | D:11     | Noticed Psyche
 18209 | D:11     | Killed Psyche
 18538 | D:12     | Reached skill level 10 in Fighting
 19425 | D:13     | Found a gate leading to a gauntlet.
 19452 | D:13     | Reached skill level 11 in Dodging
 19462 | Gauntlet | Entered a Gauntlet
 19462 | Gauntlet | Found a transporter.
 19577 | Gauntlet | Found a transporter.
 19600 | Gauntlet | Found a transporter.
 19600 | Gauntlet | Found a transporter.
 19623 | Gauntlet | Found a transporter.
 19633 | Gauntlet | Found a transporter.
 19637 | Gauntlet | Found a transporter.
 19640 | Gauntlet | Found a transporter.
 19642 | Gauntlet | Found a runed translucent door.
 19667 | Gauntlet | Found a large runed translucent door.
 19667 | Gauntlet | Found a large runed translucent door.
 19668 | Gauntlet | Found a large runed translucent door.
 19669 | Gauntlet | Found a large runed translucent door.
 19670 | Gauntlet | Found a runed translucent gate.
 19671 | Gauntlet | Found a transporter.
 19671 | Gauntlet | Found a runed translucent gate.
 19672 | Gauntlet | Found a large runed translucent door.
 19672 | Gauntlet | Found a runed translucent gate.
 19673 | Gauntlet | Found a large runed translucent door.
 19673 | Gauntlet | Found a large runed translucent door.
 19674 | Gauntlet | Found a large runed translucent door.
 19675 | Gauntlet | Found a large runed translucent door.
 19684 | Gauntlet | Found a large runed translucent door.
 19684 | Gauntlet | Found a large runed translucent door.
 19684 | Gauntlet | Found a runed translucent door.
 19684 | Gauntlet | Found a runed translucent door.
 19685 | Gauntlet | Found a large runed translucent door.
 19686 | Gauntlet | Found a large runed translucent door.
 19688 | Gauntlet | Found a transporter.
 19695 | Gauntlet | Found a large runed translucent door.
 19695 | Gauntlet | Found a large runed translucent door.
 19695 | Gauntlet | Noticed a cacodemon
 19700 | Gauntlet | Found a transporter.
 19720 | Gauntlet | Found a transporter.
 19931 | Gauntlet | Reached skill level 12 in Dodging
 19953 | Gauntlet | Identified the +0 helmet of Keugix {rElec rF++ Will+++
                  | Str-3}
 20048 | Gauntlet | Identified the ring "Tygiat" {rPois Will+}
 20111 | Gauntlet | Identified the staff of air "Kam Qup" {rElec rPois Str+3
                  | Dex+6}
 20111 | Gauntlet | Noticed a minotaur
 20125 | Gauntlet | Killed a minotaur
 20367 | Gauntlet | Identified the staff of fire "Ocwygair" {rElec rPois rF+
                  | rC++ Dex-4}
 20368 | Gauntlet | Got the Almanac of Bewitchment and Blasts
 20500 | D:13     | Noticed a purple very ugly thing
 20513 | D:13     | Killed a purple very ugly thing
 20514 | D:13     | Reached skill level 13 in Dodging
 20928 | D:13     | Reached XP level 14. HP: 110/110 MP: 19/19
 21200 | D:13     | Reached skill level 14 in Dodging
 21328 | D:13     | Noticed a sphinx
 21337 | D:13     | Paralysed by a sphinx for 2 turns
 22344 | Lair:2   | Reached skill level 15 in Dodging
 23081 | Lair:2   | Found a staircase to the Swamp.
 23727 | Lair:3   | Found a hole to the Spider Nest.
 23969 | Lair:3   | Noticed Ifaaq's ghost (journeyman MiFi)
 24016 | Lair:3   | Found a transporter.
 24034 | Lair:3   | Identified the +0 robe "Boaregiu" {Contam rN+ Int+3}
 24180 | Lair:3   | Found a transporter.
 25540 | Lair:5   | Entered Level 5 of the Lair of Beasts
 25914 | Lair:4   | Reached skill level 5 in Stealth
 26257 | Lair:5   | Reached skill level 16 in Dodging
 26443 | Lair:5   | Reached XP level 15. HP: 94/115 MP: 20/20
 26856 | Lair:5   | Found a viscous altar of Jiyva.
 26857 | Lair:5   | Found a staircase to the Slime Pits.
 27641 | Lair:5   | Reached skill level 10 in Necromancy
 28195 | Spider:1 | Entered Level 1 of the Spider Nest
 28866 | Spider:1 | Reached skill level 17 in Dodging
 28965 | Spider:1 | Identified the +3 spear of Devarid {antimagic, *Slow rCorr
                  | Str+6}
 30160 | Spider:2 | Identified the ring of Ollizas {rPois rC+ Int+4}
 30217 | Spider:2 | Noticed Arachne
 30231 | Spider:2 | Killed Arachne
 30584 | Spider:2 | Found a runed translucent door.
 30586 | Spider:2 | Found a shimmering altar of Xom.
 30586 | Spider:2 | Noticed Otiptot's ghost (adept MiBe)
 31506 | Spider:2 | Gained mutation: A powerful demonic guardian rushes to your
                  | aid. [demonic ancestry]
 31506 | Spider:2 | Reached XP level 16. HP: 113/122 MP: 23/23
 31541 | Spider:2 | Reached skill level 5 in Spellcasting
 34470 | Spider:4 | Entered Level 4 of the Spider Nest
 34483 | Spider:4 | Reached skill level 18 in Dodging
 34600 | Spider:4 | Paralysed by a jorogumo for 2 turns
 35355 | Spider:4 | Killed by an exploding jumping spider... ignited by their
                  | inner flame

Illustrated notes

Levels and vault maps discovered:
D:1:      shiori_shiawase, layout_basic, basic_ecumenical_altar, serial_shops,
          shop, hangedman_decor_push
D:2:      layout_basic, serial_shops, shop, uniq_sigmund
D:3:      layout_loops_ring, lemuel_doored_altar, pf_guarded_unrand_delatra
D:4:      layout_loops_ring, minmay_mini_jars, uniq_duvessa
D:5:      layout_basic, nicolae_uskayaw_murder_on_the_dancefloor
D:6:      layout_loops_cross, gammafunk_ghost_grave, serial_bayou_lagoon_a,
          uniq_menkaure, uniq_blork_the_orc
D:7:      layout_loops_ring, kennysheep_slug_shrine, nicolae_gozag_seed_capital,
          minmay_temple_entry_poolview, uniq_maggie
D:8:      layout_cave_pools
D:9:      layout_roguey, grunt_dithmenos_smoke_and_mirrors,
          nicolae_overflow_two_pavilions, david_lair_generic, david_orc_3
D:10:     layout_stronghold, fedhas_altar_fruit_tree,
          kennysheep_generic_room_15, uniq_sonja
D:11:     layout_rooms, nicolae_trove_entry_crossroad, uniq_psyche, uniq_fannar
D:12:     layout_gridville
D:13:     evilmike_diamond_2, layout_cave_pools, gauntlet_entry_generic,
          serial_column_ruins, column_ruins_square_large,
          column_ruins_courtyard_long, column_ruins_open_medium,
          column_ruins_grid_1, column_ruins_grid_1
Temple:   eino_temple_lava
Lair:1:   layout_concentric_octagons, grunt_megastairs_2, serial_bayou_shore_b,
          uniq_gastronok
Lair:2:   layout_small_grid, palyth_hydra_swamp_entry,
          chequers_serial_rivers_large_b, minmay_stone_trees_small,
          beast_lair_carwin_5
Lair:3:   layout_regular_city, spider_nest_entry_webs, nzn_ghost_randoct
Lair:4:   layout_cellular_growth, serial_bayou_shore_b, serial_bayou_shore_b
Lair:5:   evilmike_catoblepas_cave, layout_regular_city,
          minmay_slime_entry_oklob_open, serial_bayou_shore_b
Spider:1: layout_spider_delve, einodemon_crawler_minivault
Spider:2: layout_spider_delve, ebering_ghost_xom, uniq_arachne
Spider:3: nicolae_spider_hilbert_zone_3 [nicolae_spider_hilbert_4_sides_2_open,
          nicolae_spider_hilbert_3_sides_1_open,
          nicolae_spider_hilbert_3_sides_1_open,
          nicolae_spider_hilbert_3_sides_1_open,
          nicolae_spider_hilbert_3_sides_1_open,
          nicolae_spider_hilbert_4_sides_1_open,
          nicolae_spider_hilbert_4_sides_1_open,
          nicolae_spider_hilbert_4_sides_1_open,
          nicolae_spider_hilbert_4_sides_1_open,
          nicolae_spider_hilbert_4_sides_1_open,
          nicolae_spider_hilbert_4_sides_1_open,
          nicolae_spider_hilbert_4_sides_1_open,
          nicolae_spider_hilbert_4_sides_1_open,
          nicolae_spider_hilbert_3_sides_1_open,
          nicolae_spider_hilbert_3_sides_1_open,
          nicolae_spider_hilbert_3_sides_1_open,
          nicolae_spider_hilbert_3_sides_1_open],
          nicolae_spider_twisty_arc_passages
Spider:4: guppyfry_spider_rune, nicolae_spider_webs_and_nodes,
          guppyfry_spider_mini_1
Orc:1:    layout_diamond_mine, portal_ice_cave_entry_ice_simulacra,
          hellmonk_bongcloud_opening, nicolae_shop_self_help, uniq_nergalle
Orc:2:    kennysheep_orc_mage_school, layout_caves, basic_altar

Skill      XL: |  1  2  3  4  5  6  7  8  9 10 11 12 13 14 15 16 |
---------------+-------------------------------------------------+-----
Short Blades   | 3 4 5 6 8 10 12 13 14 | 14.0
Necromancy     | 1 2 3 4 5 6 7 9 12 14 | 14.0
Spellcasting   | 1 2 3 4 7 |  7.8
Dodging        | 3 5 6 7 9 10 13 16 17 18 | 18.0
Fighting       | 5 6 9 10 | 10.0
Stealth        | 2 5 6 |  6.0
Evocations     | 5 |  5.0

Action                     |  1- 3 |  4- 6 |  7- 9 | 10-12 | 13-15 | 16-18 || total
---------------------------+-------+-------+-------+-------+-------+-------++-------
  Melee: Short sword       |   178 |   150 |   185 |   265 |       |       ||   778
         Headbutt          |       |       |   148 |   292 |   469 |    86 ||   995
         Dagger            |       |       |   263 |   298 |       |       ||   561
         Rapier            |       |       |       |   351 |  1290 |   302 ||  1943
         Scimitar          |       |       |       |       |    10 |       ||    10
         Staff             |       |       |       |       |     9 |       ||     9
   Cast: Necrotise         |    27 |       |       |       |       |       ||    27
         Vampiric Draining |       |     2 |     9 |     6 |       |     3 ||    20
         Death Channel     |       |       |       |       |       |     5 ||     5
Ability: Evoke the Staff o |       |       |       |       |     1 |       ||     1
  Evoke: Wand              |       |       |       |    36 |     8 |     5 ||    49
         Box of beasts     |       |       |       |       |     1 |       ||     1
         Lightning rod     |       |       |       |       |       |     4 ||     4
    Use: Scroll            |     4 |     3 |     7 |    13 |    14 |     3 ||    44
         Potion            |       |     3 |       |    10 |     3 |     2 ||    18
   Stab: Sleeping          |       |     1 |       |       |     2 |     1 ||     4
         Invisible         |       |       |       |    12 |     5 |       ||    17
         Distracted        |       |       |       |       |     2 |     3 ||     5
 Armour: Robe              |    31 |    33 |    73 |   142 |   168 |       ||   447
         Skin              |       |       |       |     2 |       |       ||     2
         Leather armour    |       |       |       |       |    85 |    72 ||   157
  Dodge: Dodged            |   103 |    86 |   269 |   929 |  1624 |   472 ||  3483
         Repelled          |       |       |       |     2 |    11 |     1 ||    14

Table legend: (Time is in decaauts)
 A = Elapsed time spent in this place.
 B = Non-inter-level travel time spent in this place.
 C = Inter-level travel time spent in this place.
 D = Time resting spent in this place.
 E = Time spent auto-exploring this place.
 F = Levels seen in this place.
 G = Mean time per level.
                   A        B        C        D        E       F      G
               +--------+--------+--------+--------+--------+-----+--------+
         Total |  34446 |  33006 |   1440 |   8001 |  17406 |  27 | 1275.8 |
       Dungeon |  14567 |  13778 |    789 |   2550 |   7941 |  13 | 1120.5 |
        Temple |     70 |     60 |     10 |      0 |     53 |   1 |   70.0 |
          Lair |   8253 |   7777 |    476 |   1178 |   5248 |   5 | 1650.6 |
   Spider Nest |   7009 |   6914 |     95 |   2478 |   3123 |   4 | 1752.2 |
  Orcish Mines |   2100 |   2031 |     69 |    473 |    900 |   2 | 1050.0 |
      Ice Cave |   1549 |   1549 |      0 |    983 |      0 |   1 | 1549.0 |
      Gauntlet |    894 |    894 |      0 |    339 |    140 |   1 |  894.0 |
               +--------+--------+--------+--------+--------+-----+--------+

Top non-repeatable levels by time:
Spider:2: 2529 daAuts
Spider:3: 2471 daAuts
  Lair:2: 2201 daAuts
    D:10: 1916 daAuts
  Lair:5: 1881 daAuts
Spider:1: 1762 daAuts
  Lair:1: 1667 daAuts
   IceCv: 1549 daAuts
     D:9: 1476 daAuts
  Lair:4: 1457 daAuts
     D:6: 1359 daAuts
     D:5: 1260 daAuts
     D:7: 1240 daAuts
     D:4: 1174 daAuts
    D:13: 1147 daAuts
